 Dungeon Crawl Stone Soup version 0.28.0-53-g5a82cb258f (webtiles) character file.

Game seed: 11797708801152736800

1533398 housinr the Minotaur Barricade (level 25, 257/257 HPs)
             Began as a Minotaur Berserker on July 12, 2022.
             Was the Champion of Trog.
             Escaped with the Orb
             ... and 3 runes on July 16, 2022!
             The game lasted 02:24:12 (79340 turns).

housinr the Minotaur Barricade (MiBe)              Turns: 79340, Time: 02:24:12

Health: 257/257    AC: 39    Str: 28    XL:     25   Next: 44%
Magic:  8/8        EV: 20    Int:  4    God:    Trog [******]
Gold:   4046       SH: 28    Dex: 16    Spells: 24/24 levels left

rFire   + + .      SeeInvis +   j - +11 war axe of Ycsobriw {vorpal, Will+ rCorr SInv}
rCold   + + .      Faith    .   O - +5 kite shield {rPois}
rNeg    . . .      Spirit   .   J - +9 plate armour "Zinixt" {Fly MP-9 Str+4}
rPois   +          Reflect  +   (helmet unavailable)
rElec   +          Harm     .   y - scarf {rC+ rF+}
rCorr   +          Rampage  +   A - +2 pair of gloves
Will    +++..                   T - +2 pair of boots {rampage}
Stlth   ..........              a - amulet of the Green Breadfruit {Reflect SH+5 SInv}
HPRegen 0.52/turn               c - +4 ring of slaying
MPRegen 0.11/turn               w - ring of Zunyt {Fly rElec rF+ rC+ Will+}

@: flying
A: horns 3, retaliatory headbutt, deterioration 1, low MP 2, screaming 1, weak
2, no potion heal 1, subdued magic 1, inability to read while threatened
0: Orb of Zot
}: 3/15 runes: decaying, serpentine, silver
a: Renounce Religion, Berserk, Trog's Hand, Brothers in Arms


You escaped.
You worshipped Trog.
Trog was exalted by your worship.
You visited 8 branches of the dungeon, and saw 45 of its levels.
You also visited: Gauntlet.

You collected 7042 gold pieces.
You spent 2996 gold pieces at shops.

Inventory:

Hand Weapons
 j - the +11 war axe of Ycsobriw (weapon) {vorpal, Will+ rCorr SInv}
   (Trog gifted it to you on level 2 of the Vaults)

   It inflicts extra damage upon your enemies.
   SInv:      It lets you see invisible.
   rCorr:     It protects you from acid and corrosion.
   Will:      It increases your willpower.
 n - a +0 war axe of protection
 s - a +2 war axe of flaming
 E - a +9 antimagic broad axe
Missiles
 B - 5 throwing nets (quivered)
Armour
 y - a scarf of resistance (worn)
 A - a +2 pair of gloves (worn)
 J - the +9 plate armour "Zinixt" (worn) {Fly MP-9 Str+4}
   (You found it on level 2 of the Vaults)

   Str:       It affects your strength (+4).
   MP:        It affects your magic capacity (-9).
   Fly:       It grants you flight.
 O - a +5 kite shield of poison resistance (worn)
 T - a +2 pair of boots of rampaging (worn)
Jewellery
 a - the amulet of the Green Breadfruit (around neck) {Reflect SH+5 SInv}
   (You found it in a Gauntlet)

   [amulet of reflection]

   It reflects blocked missile attacks.
   SInv:      It lets you see invisible.
   SH:        It affects your SH (+5).
 c - a +4 ring of slaying (left hand)
 d - a ring of protection from fire
 h - a +6 ring of intelligence
 w - the ring of Zunyt (right hand) {Fly rElec rF+ rC+ Will+}
   (You found it on level 5 of the Vaults)

   [ring of flight]

   rF:        It protects you from fire.
   rC:        It protects you from cold.
   rElec:     It insulates you from electricity.
   Fly:       It grants you flight.
   Will:      It increases your willpower.
Wands
 k - a wand of flame (109)
 r - a wand of digging (12)
 u - a wand of iceblast (21)
 N - a wand of polymorph (23)
 Q - a wand of acid (6)
 S - a wand of paralysis (17)
 X - a wand of mindburst (12)
Scrolls
 b - 17 scrolls of teleportation
 g - a scroll of silence
 p - 3 scrolls of enchant weapon
 t - 11 scrolls of fear
 x - 2 scrolls of brand weapon
 z - 9 scrolls of vulnerability
 C - 3 scrolls of holy word
 D - 31 scrolls of identify
 H - 4 scrolls of magic mapping
 K - 4 scrolls of blinking
 M - 2 scrolls of summoning
 P - 5 scrolls of fog
 W - 3 scrolls of enchant armour
Potions
 e - 13 potions of attraction
 f - 8 potions of mutation
 i - 22 potions of curing
 l - 9 potions of might
 m - 8 potions of flight
 q - 2 potions of berserk rage
 F - 3 potions of cancellation
 R - a potion of invisibility
 U - 2 potions of brilliance
 V - a potion of haste
 Z - 3 potions of heal wounds
Miscellaneous
 v - a piece from Xom's chessboard (15/15)


   Skills:
 O Level 27 Fighting
 - Level 19.2 Axes
 O Level 27 Armour
 * Level 22.2 Dodging
 O Level 27 Shields


You had 24 spell levels left.
You didn't know any spells.
Your spell library was empty.

Dungeon Overview and Level Annotations

Branches:
Dungeon (15/15)            Temple (0/1) D:7            Lair (6/6) D:10
  Swamp (4/4) Lair:4        Snake (4/4) Lair:2        Slime (0/5) Lair:5
    Orc (2/2) D:11            Elf (0/3) Orc:2        Vaults (5/5) D:13
  Crypt (0/3) Vaults:3     Depths (4/4) D:15            Zot (5/5) Depths:4
Gauntlet (visited)

Altars:
Ashenzari
Fedhas
Gozag
Kikubaaqudgha
Nemelex Xobeh
Okawaru
Qazlal
Sif Muna
Uskayaw
Vehumet
Wu Jian
Yredelemnul
Zin
Beogh
Jiyva

Shops:
D:8 *   D:12 ?   D:14 ?   Orc:2 =(*[   Vaults:1 [   Depths:1 [[(!   Depths:2 ?
Depths:4 *

Portals:
Hell: Depths:1 Depths:2 Depths:3 Depths:4
Abyss: Depths:3
Pandemonium: Depths:2
Ziggurat: Depths:3
Trove: D:15 (give +3 storm dragon scales)

Annotations:
D:9 exclusion: ice statue
D:15 3 transporters


Innate Abilities, Weirdness & Mutations

You have a pair of large horns on your head.
You reflexively headbutt those who attack you in melee.
Your body sometimes deteriorates upon taking damage.
Your magical capacity is very low. (-20% MP)
You occasionally shout uncontrollably at your foes.
You are very weak. (Str -4)
Potions are less effective at restoring your health.
Your spells are a little easier to cast, but a little less powerful.
You sometimes lose the ability to read scrolls when taking damage.


Message History

You fly upwards.
There is a stone staircase leading down here.
There is a stone staircase leading up here.
You fly upwards.
There is a stone staircase leading down here.
There is an open door here.
There is an open door here.
There is a stone staircase leading up here.
You fly upwards.
There is a stone staircase leading down here.
There is a stone staircase leading up here.
You fly upwards.
There is a stone staircase leading down here.
There is a stone staircase leading up here.
You fly upwards.
There is a stone staircase leading down here.
A sun demon comes into view.
The sun demon shouts!
You block the sun demon's attack.
You open the sun demon like a pillowcase!!!
You headbutt the sun demon, but do no damage.
The sun demon is almost dead.
You slash the sun demon!
You kill the sun demon!
Trog accepts your kill.
No target in view!
No target in view!
There is a stone staircase leading up here.
You fly upwards.
There is a stone staircase leading down here.
(D) Dungeon (T) Temple (L) Lair (S) Swamp (P) Snake Pit (M) Slime Pits (O) Orcish Mines (E) Elven Halls (V) Vaults (C) Crypt (U) Depths (H) Hell (Z) Zot
Where to? (Enter - D:1 @ (x,y), ? - help)
You see here a book of Blasting.
You see here 8 stones.
There is a staircase leading out of the dungeon here.
You can't go down here!
You have escaped!

########### ##P♣P......##
##..P♣.......## ######
##....P....♣...## #....#
#...♣♣..P...P.♣P# #...)##
#..♣..P...P.P♣..# #......
#########..♣...........♣###......
...........P.P.....P...P.........
................@......♣.........
..........P..P.....P...♣.........
.....................P.....(.:...
...........♣♣.P...P.♣............
..........P.....P....♣...........
.........#♣.♣.P....P.....########
.........##........♣..###########
.........###......P..## #.......#
.........# ##.....#### #.......#


There were no monsters in sight!

Vanquished Creatures
  4 orbs of fire (Zot:4)
  9 dread liches
  An ancient lich (Zot:5)
  Mara (Swamp:3)
  A pandemonium lord (D:12)
  5 Killer Klowns
  Boris (twice) (Vaults:2 Vaults:4)
  the Lernaean hydra (Swamp:4)
  3 curse toes (Zot:3)
  Xtahua (Vaults:3)
  A caustic shrike (Depths:2)
  9 golden dragons
  2 bone dragons
  6 electric golems
  11 tentacled monstrosities
  Jorgrun (D:12)
  2 liches (Zot:4)
  Mlioglotl (Snake:1)
  Asterion (Depths:1)
  2 walking earthen tomes (Depths:2)
  4 titans
  Rupert (D:12)
  A walking divine tome (Depths:3)
  26 Orb Guardians
  9 death cobs
  An Executioner (D:13)
  An acid blob (Zot:5)
  3 quicksilver dragons (Zot:4)
  8 sphinxes
  Kirke (D:14)
  A thorn hunter (Lair:4)
  18 shadow dragons
  4 draconian monks
  5 tengu reavers
  13 storm dragons
  Donald (Vaults:3)
  9 draconian knights
  A fenstrider witch (Swamp:3)
  7 fire giants
  16 nagarajas
  The ghost of Quickbrownfox the Slinger, a journeyman DsIE of Vehumet (Orc:2)
  12 frost giants
  The ghost of toph the Frost Mage, a journeyman MfIE of Ashenzari (Swamp:1)
  17 vault wardens
  A deep elf sorcerer (Vaults:5)
  4 iron dragons
  The ghost of hitsuchi the Covert, an adept KoBe of Trog (Swamp:1)
  7 draconian scorchers
  4 ghost moths
  3 spectral caustic shrikes (Depths:2)
  An orc warlord (Vaults:3)
  13 ironbound preservers
  Aizul (Snake:1)
  2 spriggan defenders (Depths:3)
  3 war gargoyles
  11 draconian shifters
  18 very ugly things
  5 draconian stormcallers
  A reaper (Depths:2)
  6 draconian annihilators
  9 ironbound thunderhulks
  19 green draconians
  2 eleionomae
  16 stone giants
  A lorocyproca (Zot:1)
  A vampire knight (Depths:1)
  13 purple draconians
  A bunyip (Swamp:4)
  9 white draconians
  9 black draconians
  19 red draconians
  Azrael (Snake:1)
  A deep elf annihilator (Vaults:5)
  A bunyip (shapeshifter) (Depths:3)
  4 entropy weavers
  25 yellow draconians
  A deep elf demonologist (Vaults:5)
  A crystal guardian (Vaults:2)
  3 spark wasps (Depths:2)
  14 dire elephants
  16 ettins
  Snorg (D:13)
  2 deep elf death magi (Vaults:5)
  Josephine (D:14)
  8 fire dragons
  42 vault guards
  6 great orbs of eyes
  11 naga warriors
  5 rakshasas
  7 boulder beetles
  6 yaktaur captains
  10 ice dragons
  2 peacekeepers (Vaults:2)
  23 hydras
  A hell beast (Depths:1)
  A ghost crab (Swamp:2)
  16 two-headed ogres
  3 ogre magi
  A salamander tyrant (Snake:4)
  6 ironbound frosthearts
  8 anacondas
  2 spriggan air magi
  Erica (D:11)
  2 death knights (Vaults:3)
  7 deep troll shamans
  14 alligators
  14 centaur warriors
  3 deep troll earth magi
  A hell hog (Depths:1)
  8 tengu warriors
  An orc high priest (Orc:2)
  4 vampire magi
  9 shock serpents
  4 spriggan berserkers
  Urug (Orc:1)
  8 hell knights
  15 naga sharpshooters
  2 sun demons
  A titan skeleton (Vaults:3)
  7 soul eaters
  7 salamander mystics
  A storm dragon skeleton (Zot:4)
  4 goliath frogs
  A sixfirhy (Depths:2)
  3 spriggan druids
  14 swamp dragons
  3 iron trolls
  The ghost of brittlin the Changer, a novice OpTm of Ru (D:7)
  2 flayed ghosts
  7 naga ritualists
  An orb spider (shapeshifter) (Vaults:5)
  A swamp dragon (shapeshifter) (Vaults:5)
  7 wizards
  10 ironbound convokers
  34 deep trolls
  A golden dragon skeleton (Zot:4)
  2 glowing orange brains
  3 deep elf pyromancers
  7 phantasmal warriors
  9 orc knights
  2 bog bodies
  7 necromancers
  4 orc sorcerers
  13 lindwurms
  5 harpies
  8 mana vipers
  A stone giant zombie (Vaults:1)
  5 cyclopes
  2 manticores (D:15)
  22 moths of wrath
  35 ugly things
  11 salamanders
  4 will-o-the-wisps
  2 centaur zombies
  7 elephants
  2 guardian serpents (shapeshifter)
  7 guardian serpents
  16 vault sentinels
  32 black mambas
  2 spectral centaurs (Gauntlet)
  2 rust devils (Depths:2)
  9 apocalypse crabs (Zot:3)
  8 cane toads
  2 frost giant skeletons
  19 naga magi
  An eye of devastation (shapeshifter) (Vaults:4)
  Maggie (D:9)
  3 rime drakes
  A hellion (Depths:2)
  A demonic crawler (Zot:1)
  An unseen horror (Depths:3)
  2 yaktaur zombies (Vaults:1)
  An unseen horror (shapeshifter) (Vaults:5)
  3 freezing wraiths
  An efreet (D:15)
  A kobold demonologist (D:13)
  3 tengu conjurers
  2 komodo dragons
  A komodo dragon (shapeshifter) (Depths:1)
  18 yaktaurs
  A yaktaur skeleton (Vaults:2)
  3 meliai
  A queen bee (D:11)
  7 polar bears
  A merfolk (D:15)
  20 hornets
  11 tyrant leeches
  A meliai zombie (D:10)
  2 trolls
  5 dream sheep (Lair:3)
  A tarantella (shapeshifter) (D:14)
  9 blink frogs
  A raiju (shapeshifter) (D:15)
  43 slime creatures
  An ettin zombie (Vaults:2)
  A stone giant simulacrum (Vaults:2)
  A centaur simulacrum (D:15)
  2 jumping spiders
  A ynoxinul (Depths:2)
  2 shadows
  A culicivora (Vaults:4)
  24 spriggans
  An elf skeleton (Vaults:3)
  4 water elementals
  A wyvern (Lair:6)
  8 wraiths
  4 hogs
  4 large abominations (Depths:3)
  27 yaks
  11 vampire mosquitoes
  2 neqoxecs (Depths:2)
  4 chaos spawn
  A yaktaur simulacrum (Vaults:2)
  4 redbacks (Vaults:4)
  3 basilisks
  32 nagas
  10 swamp worms
  3 wargs
  2 acid dragons
  17 water moccasins
  4 hell hounds (Snake:1)
  A hornet zombie (D:7)
  31 orc warriors
  8 swamp drakes (Swamp:4)
  4 boggarts (Lair:6)
  6 black bears
  2 necrophages
  6 ogres
  32 wolves
  6 centaurs
  2 phantoms (D:11)
  A kobold brigand (D:9)
  3 human zombies (Vaults:2)
  8 bullfrogs
  2 human skeletons (Vaults:2)
  A wyvern zombie (D:8)
  A gnoll sergeant (D:9)
  A scorpion (D:6)
  8 small abominations (Depths:3)
  2 water moccasin skeletons
  A troll zombie (D:11)
  25 killer bees (D:11)
  10 wights
  9 electric eels
  2 howler monkeys
  A bullfrog zombie (D:6)
  2 jellies (D:6)
  19 orc priests
  3 bullfrog skeletons (D:6)
  3 hounds
  A centaur skeleton (D:6)
  Jessica (D:3)
  Ijyb (D:3)
  Natasha (D:2)
  4 iguanas
  19 orc wizards
  8 hell rats (Lair:6)
  7 ogre zombies (D:11)
  A hound skeleton (D:5)
  A howler monkey zombie (D:8)
  3 adders
  6 gnolls
  A shadow imp (D:7)
  2 white imps
  An adder skeleton (D:4)
  A worm (D:4)
  A dart slug (D:2)
  61 orcs
  4 bats (D:1)
  3 endoplasms (D:1)
  2 giant cockroaches
  4 goblins
  9 hobgoblins
  10 kobolds
  2 quokkas
  5 ball pythons
  2 frilled lizards
  3 goblin skeletons (D:11)
  A goblin zombie (D:11)
  A hobgoblin skeleton (D:11)
  2 hobgoblin zombies (D:11)
  4 orc skeletons (D:11)
  14 orc zombies (D:11)
  2 rats
  A butterfly (Lair:2)
1791 creatures vanquished.

Vanquished Creatures (collateral kills)
  Mennas (Vaults:2)
  A bone dragon (Zot:4)
  An orc warlord (Orc:2)
  2 ironbound preservers (Vaults:3)
  Nessos (D:12)
  A bunyip (Lair:4)
  A minotaur (Gauntlet)
  2 vault guards (Vaults:3)
  A naga warrior (Snake:3)
  A hydra (Lair:4)
  Harold (D:10)
  A two-headed ogre (D:10)
  A naga sharpshooter (Snake:3)
  A death drake (Gauntlet)
  A goliath frog (Swamp:1)
  A spectral wolf spider (Gauntlet)
  An ironbound convoker (Vaults:3)
  A naga mage (Snake:3)
  A centaur zombie (Gauntlet)
  2 molten gargoyles (Gauntlet)
  A komodo dragon (D:10)
  2 hornets (Swamp:1)
  3 blink frogs (Lair:4)
  2 spriggans (Swamp:1)
  A basilisk (Lair:6)
  2 nagas (Snake:3)
  A water moccasin (D:10)
  An orc warrior (Orc:2)
36 creatures vanquished.

Vanquished Creatures (others)
  A fire giant (Depths:3)
  A draconian knight (Zot:4)
  A bunyip (Swamp:1)
  A spriggan berserker (Depths:3)
  A spriggan druid (Swamp:1)
  5 bloated husks
  2 vampire mosquitoes (Swamp:3)
  2 humans
  18 foxfires
  59 fungi
  128 plants
219 creatures vanquished.

Grand Total: 2046 creatures vanquished

Notes
Turn   | Place    | Note
-------+----------+-------------------------------------------
     0 | D:1      | housinr the Minotaur Berserker began the quest for the Orb.
     0 | D:1      | Reached XP level 1. HP: 19/19 MP: 0/0
   248 | D:1      | Found a faded altar of an unknown god.
   530 | D:1      | Reached XP level 2. HP: 27/27 MP: 1/1
  1322 | D:2      | Reached XP level 3. HP: 33/33 MP: 2/2
  1466 | D:2      | Found Wuonad's Jewellery Emporium.
  1607 | D:2      | Reached ** piety under Trog
  1647 | D:2      | Noticed Natasha
  1651 | D:2      | Killed Natasha
  1775 | D:3      | Reached XP level 4. HP: 40/40 MP: 3/3
  1803 | D:3      | Noticed a necrophage
  1820 | D:3      | Killed a necrophage
  1821 | D:3      | Reached skill level 5 in Axes
  1821 | D:3      | Reached XP level 5. HP: 37/47 MP: 4/4
  1827 | D:3      | Noticed Jessica
  1834 | D:3      | Killed Jessica
  2232 | D:3      | Noticed Ijyb
  2246 | D:3      | Killed Ijyb
  2375 | D:3      | Found a sparkling altar of Nemelex Xobeh.
  2398 | D:3      | Found the +7 Kryia's mail coat {PotionHeal*2 rC+}
  2738 | D:4      | Reached XP level 6. HP: 49/55 MP: 5/5
  2907 | D:4      | Identified a scroll of acquirement
  2907 | D:4      | Acquired 1334 gold pieces
  3221 | D:5      | Entered Level 5 of the Dungeon
  3339 | D:5      | Reached skill level 5 in Fighting
  3507 | D:5      | Found a basalt altar of Yredelemnul.
  3554 | D:5      | Reached XP level 7. HP: 46/61 MP: 6/6
  4269 | D:5      | Found a radiant altar of Vehumet.
  4475 | D:6      | Reached skill level 5 in Armour
  4660 | D:6      | Reached XP level 8. HP: 42/70 MP: 7/7
  4873 | D:6      | Reached skill level 5 in Dodging
  5223 | D:6      | Noticed a two-headed ogre
  5230 | D:6      | Killed a two-headed ogre
  5236 | D:6      | Reached XP level 9. HP: 57/79 MP: 8/8
  5236 | D:6      | Reached *** piety under Trog
  5912 | D:7      | Reached skill level 10 in Axes
  6634 | D:7      | Found a staircase to the Ecumenical Temple.
  6708 | D:7      | Found a runed translucent gate.
  6708 | D:7      | Found a runed translucent gate.
  6708 | D:7      | Found a runed translucent gate.
  6711 | D:7      | Noticed brittlin's ghost (novice OpTm)
  6711 | D:7      | Identified the +1 plate armour of the Poles {+Blink Fly
                  | Will+}
  6818 | D:7      | Found a shimmering blue altar of Sif Muna.
  7292 | D:7      | Killed brittlin's ghost
  7351 | D:7      | Identified the +0 helmet of the Tanner {Str+2}
  7443 | D:8      | Found Aroluany's Neck Hole.
  7449 | D:8      | Bought an amulet of regeneration for 420 gold pieces
  7449 | D:8      | Bought a scarf of resistance for 448 gold pieces
  7471 | D:8      | Found a glowing silver altar of Zin.
  7811 | D:9      | Found a hide-covered altar of Uskayaw.
  7874 | D:9      | Reached XP level 10. HP: 90/90 MP: 9/9
  7893 | D:9      | Reached **** piety under Trog
  7960 | D:9      | Noticed a two-headed ogre
  7974 | D:9      | Killed a two-headed ogre
  8408 | D:9      | Noticed Maggie
  8418 | D:9      | Killed Maggie
  8508 | D:9      | Noticed an ice statue
  8535 | D:10     | Entered Level 10 of the Dungeon
  8562 | D:10     | Noticed Harold
  8631 | D:10     | Killed Harold
  8636 | D:10     | Noticed a two-headed ogre
  8650 | D:10     | Killed a two-headed ogre
  8786 | D:10     | Reached XP level 11. HP: 99/99 MP: 10/10
  8894 | D:10     | Noticed a two-headed ogre
  8904 | D:10     | Killed a two-headed ogre
  8905 | D:10     | Reached skill level 10 in Fighting
  8981 | D:10     | Found a staircase to the Lair.
  9192 | D:10     | Found an ancient bone altar of Kikubaaqudgha.
  9293 | D:10     | Noticed a two-headed ogre
  9303 | D:10     | Killed a two-headed ogre
  9347 | D:10     | Found an opulent altar of Gozag.
  9352 | D:10     | You fall into a shaft and drop 1 floor!
  9410 | D:11     | Reached skill level 10 in Armour
  9807 | Lair:1   | Entered Level 1 of the Lair of Beasts
  9901 | Lair:1   | Found a dark tunnel.
  9945 | Lair:1   | Noticed a four-headed hydra
  9963 | Lair:1   | Killed a one-headed hydra
 10276 | Lair:1   | Noticed an eight-headed hydra
 10287 | Lair:1   | Killed a six-headed hydra
 10656 | Lair:2   | Found a gate leading to a gauntlet.
 10665 | Gauntlet | Entered a Gauntlet
 10665 | Gauntlet | Found a transporter.
 10668 | Gauntlet | Found a transporter.
 10669 | Gauntlet | Found a transporter.
 10673 | Gauntlet | Found a transporter.
 10676 | Gauntlet | Noticed a white ugly thing
 10676 | Gauntlet | Noticed a catoblepas
 10677 | Gauntlet | Found a transporter.
 10677 | Gauntlet | Found a transporter.
 10677 | Gauntlet | Noticed a glowing orange brain
 10679 | Gauntlet | Noticed a brown ugly thing
 10679 | Gauntlet | Noticed a glowing orange brain
 10684 | Gauntlet | Found a transporter.
 10691 | Gauntlet | Found a transporter.
 10751 | Gauntlet | Noticed a death scarab
 10752 | Gauntlet | Noticed a death drake
 10754 | Gauntlet | Found a transporter.
 10754 | Gauntlet | Noticed a death scarab
 10767 | Gauntlet | Found a transporter.
 10771 | Gauntlet | Found a transporter.
 10781 | Gauntlet | Found a transporter.
 10867 | Gauntlet | Killed a death drake
 10872 | Gauntlet | Reached skill level 15 in Axes
 11023 | Gauntlet | Identified the amulet of the Green Breadfruit {Reflect SH+5
                  | SInv}
 11058 | Gauntlet | Reached skill level 10 in Dodging
 11058 | Gauntlet | Reached XP level 12. HP: 110/110 MP: 11/11
 11058 | Gauntlet | Identified the +0 cloak "Kippi" {Harm rElec rF+}
 11091 | Gauntlet | Identified the +10 trident of the Oracle {elec, rF+}
 11091 | Gauntlet | Identified the +0 leather armour "Yneh" {Rampage rElec MP+9
                  | SInv}
 11091 | Gauntlet | Noticed a minotaur
 11102 | Gauntlet | Killed a minotaur
 11115 | Gauntlet | Identified the +1 robe "Tudwapro" {Drain rN+ Dex+8}
 11286 | Lair:2   | Noticed a seven-headed hydra
 11295 | Lair:2   | Killed a four-headed hydra
 11528 | Lair:2   | Identified the +5 battleaxe of Pynkooggi {vorpal, *Slow
                  | Str+5}
 11601 | Lair:2   | Found a staircase to the Snake Pit.
 12307 | Lair:3   | Noticed a six-headed hydra
 12314 | Lair:3   | Killed a one-headed hydra
 12787 | Lair:3   | You fall into a shaft and drop 3 floors!
 12787 | Lair:6   | Entered Level 6 of the Lair of Beasts
 13069 | Lair:6   | Reached XP level 13. HP: 75/119 MP: 12/12
 13830 | Lair:6   | Reached ***** piety under Trog
 14405 | Lair:5   | Found a radiant altar of Vehumet.
 14978 | Lair:5   | Found a viscous altar of Jiyva.
 14978 | Lair:5   | Found a staircase to the Slime Pits.
 15377 | Lair:4   | Found a staircase to the Swamp.
 16762 | D:11     | Found a staircase to the Orcish Mines.
 16891 | D:11     | Noticed Erica
 16916 | D:11     | Killed Erica
 17395 | D:11     | Received a gift from Trog
 17563 | D:12     | Noticed Rupert
 17611 | D:12     | Noticed Nessos
 17627 | D:12     | Killed Nessos
 17628 | D:12     | Reached XP level 14. HP: 90/130 MP: 13/13
 17869 | D:12     | Noticed Jorgrun
 17893 | D:12     | Killed Jorgrun
 18204 | D:12     | Found Nyroptoa's Magic Scroll Shop.
 18463 | D:12     | Killed Rupert
 19497 | D:13     | Noticed Snorg
 19509 | D:13     | Killed Snorg
 19782 | D:13     | Found a gate to the Vaults.
 20740 | D:14     | Reached skill level 15 in Armour
 20744 | D:14     | Paralysed by an ogre mage for 6 turns
 21184 | D:14     | Reached skill level 15 in Fighting
 21196 | D:14     | Reached XP level 15. HP: 132/141 MP: 14/14
 21206 | D:14     | Received a gift from Trog
 21535 | D:14     | Found Ehasm's Magic Scroll Shoppe.
 21548 | D:14     | Noticed Josephine
 21558 | D:14     | Killed Josephine
 21954 | D:14     | Bought a scroll of teleportation for 33 gold pieces
 21954 | D:14     | Bought a scroll of teleportation for 33 gold pieces
 22472 | D:15     | Entered Level 15 of the Dungeon
 22472 | D:15     | Found a transporter.
 22559 | D:15     | Found a transporter.
 22566 | D:15     | Found a transporter.
 22566 | D:15     | Found a transporter.
 22574 | D:15     | Found a transporter.
 22578 | D:15     | Found a transporter.
 22782 | D:15     | Noticed Kirke
 23114 | D:15     | Found a staircase to the Depths.
 23376 | D:15     | Found a portal to a secret trove of treasure.
 24063 | D:14     | Killed Kirke
 24325 | D:15     | Found an ornate altar of the Wu Jian Council.
 24714 | Swamp:1  | Entered Level 1 of the Swamp
 24718 | Swamp:1  | Noticed a thorn hunter
 24733 | Lair:4   | Reached skill level 1 in Shields
 25136 | Lair:4   | Killed a thorn hunter
 26125 | Swamp:1  | Identified the ring of Beroall {+Blink rF+ Int-3 Dex+5}
 26138 | Swamp:1  | Found a runed translucent gate.
 26139 | Swamp:1  | Found a runed translucent gate.
 26140 | Swamp:1  | Found a runed translucent gate.
 26143 | Swamp:1  | Noticed hitsuchi's ghost (adept KoBe)
 26143 | Swamp:1  | Noticed toph's ghost (journeyman MfIE)
 26393 | Swamp:1  | Killed hitsuchi's ghost
 26428 | Swamp:1  | Killed toph's ghost
 26429 | Swamp:1  | Reached skill level 5 in Shields
 26825 | Swamp:2  | Found a hide-covered altar of Uskayaw.
 27735 | Swamp:2  | Reached XP level 16. HP: 139/152 MP: 15/15
 28457 | Swamp:3  | Noticed Mara
 28466 | Swamp:3  | Noticed housinr's illusion
 28975 | Swamp:3  | Noticed housinr's illusion
 29001 | Swamp:3  | Killed Mara
 29396 | Swamp:3  | Paralysed by a fenstrider witch for 6 turns
 30836 | Swamp:4  | Entered Level 4 of the Swamp
 31489 | Swamp:4  | Reached skill level 10 in Shields
 31664 | Swamp:4  | Noticed the 27-headed Lernaean hydra
 32197 | Swamp:4  | Got a decaying rune of Zot
 32521 | Swamp:4  | Killed the 24-headed Lernaean hydra
 33278 | Orc:1    | Entered Level 1 of the Orcish Mines
 33278 | Orc:1    | Noticed Urug
 33284 | Orc:1    | Killed Urug
 33643 | Orc:2    | Entered Level 2 of the Orcish Mines
 33762 | Orc:2    | Received a gift from Trog
 34200 | Orc:2    | Found Gysty's General Store.
 34206 | Orc:2    | Found Ziud's Jewellery Emporium.
 34246 | Orc:2    | Bought a +4 ring of slaying for 1014 gold pieces
 34330 | Orc:2    | Found a staircase to the Elven Halls.
 34473 | Orc:2    | Found Agol Apyneja's Antique Armour Emporium.
 34479 | Orc:2    | Bought a pair of boots for 121 gold pieces
 34479 | Orc:2    | Bought a pair of embroidered boots for 202 gold pieces
 34537 | Orc:2    | Found a runed translucent door.
 34537 | Orc:2    | Noticed Quickbrownfox's ghost (journeyman DsIE)
 34599 | Orc:2    | Killed Quickbrownfox's ghost
 34759 | Orc:2    | Found Zagoti's Antique Weapon Emporium.
 34945 | Orc:1    | Reached XP level 17. HP: 163/163 MP: 5/16
 35273 | Snake:1  | Entered Level 1 of the Snake Pit
 35482 | Snake:1  | Noticed Aizul
 35496 | Snake:1  | Killed Aizul
 36667 | Snake:1  | Noticed Mlioglotl
 36671 | Snake:1  | Noticed a lich
 36677 | Snake:1  | Killed Mlioglotl
 36742 | Snake:1  | Noticed Azrael
 36753 | Snake:1  | Killed Azrael
 38389 | Snake:2  | Received a gift from Trog
 40218 | Snake:3  | Found a blossoming altar of Fedhas.
 40228 | Snake:3  | Reached skill level 15 in Shields
 40472 | Snake:3  | Received a gift from Trog
 40789 | Snake:4  | Entered Level 4 of the Snake Pit
 41875 | Snake:4  | Reached XP level 18. HP: 167/174 MP: 5/17
 42559 | Snake:4  | Found a stormy altar of Qazlal.
 43059 | Snake:4  | Reached ****** piety under Trog
 43059 | Snake:4  | Received a gift from Trog
 43611 | Snake:4  | Got a serpentine rune of Zot
 43875 | Vaults:1 | Entered Level 1 of the Vaults
 44516 | Vaults:1 | Received a gift from Trog
 44677 | Vaults:1 | Identified the amulet of Nemelex Xobeh's Scorn {rElec rF-
                  | Regen+ Int+3 Stlth+}
 45369 | Vaults:1 | Found Moschul's Armour Boutique.
 45743 | Vaults:1 | Bought a +2 pair of boots of rampaging for 301 gold pieces
 45939 | Vaults:2 | Identified the +9 plate armour "Zinixt" {Fly MP-9 Str+4}
 46040 | Vaults:2 | Reached XP level 19. HP: 79/185 MP: 3/18
 46330 | Vaults:2 | Noticed Boris
 46341 | Vaults:2 | Killed Boris
 46442 | Vaults:2 | Received a gift from Trog
 46873 | Vaults:2 | You are sucked into a shaft and drop 2 floors!
 47084 | Vaults:4 | Noticed Boris
 47101 | Vaults:4 | Killed Boris
 47383 | Vaults:3 | Identified the +1 robe of the Moon {rC+}
 47765 | Vaults:2 | Noticed Mennas
 47782 | Vaults:2 | Killed Mennas
 47849 | Vaults:2 | Identified the +11 war axe of Ycsobriw {vorpal, Will+ rCorr
                  | SInv} (Trog gifted it to you on level 2 of the Vaults)
 47849 | Vaults:2 | Received a gift from Trog
 48625 | Vaults:3 | Reached XP level 20. HP: 195/198 MP: 10/19
 49089 | Vaults:3 | Noticed Xtahua
 49104 | Vaults:3 | Killed Xtahua
 49305 | Vaults:3 | Found a staircase to the Crypt.
 49528 | Vaults:3 | Noticed Donald
 49540 | Vaults:3 | Killed Donald
 50199 | Vaults:4 | Received a gift from Trog
 51774 | Depths:1 | Entered Level 1 of the Depths
 51885 | Depths:1 | Found a gateway to Hell.
 52253 | Depths:1 | Received a gift from Trog
 52474 | Depths:1 | Found Qagigi's Antique Armour Shoppe.
 52625 | Depths:1 | Found Zolamoc's Weapon Shoppe.
 52660 | Depths:1 | Found Inoink's Distillery.
 52668 | Depths:1 | Paralysed by a vampire knight for 4 turns
 53035 | Depths:1 | Noticed Asterion
 53053 | Depths:1 | Killed Asterion
 53217 | Depths:1 | Found Lejayriss's Antique Armour Shop.
 53425 | Depths:1 | Identified the +10 hand axe "Otwug" {freeze, Int+3}
 53444 | Depths:1 | Bought a potion of brilliance for 80 gold pieces
 53444 | Depths:1 | Bought a potion of curing for 60 gold pieces
 53444 | Depths:1 | Bought a potion of curing for 60 gold pieces
 53444 | Depths:1 | Bought a potion of haste for 200 gold pieces
 53501 | Depths:2 | Found a one-way gate leading to the halls of Pandemonium.
 53505 | Depths:2 | Lost intelligence.
 53513 | Depths:2 | Gained mutation: Your spells are a little easier to cast,
                  | but a little less powerful. [a neqoxec]
 53996 | Depths:1 | Lost mutation: Your spells are a little easier to cast, but
                  | a little less powerful. [potion of mutation]
 53996 | Depths:1 | Gained mutation: Your magical capacity is low. (-10% MP)
                  | [potion of mutation]
 53996 | Depths:1 | Gained mutation: You have a pair of large horns on your
                  | head. [potion of mutation]
 54091 | Depths:2 | Received a gift from Trog
 54426 | Depths:2 | Reached XP level 21. HP: 202/207 MP: 8/17
 54669 | Depths:2 | Found Hyodarph's Magic Scroll Boutique.
 54678 | Depths:2 | Bought a scroll of fog for 24 gold pieces
 54880 | Depths:2 | Noticed a golden dragon
 54887 | Depths:2 | Killed a golden dragon
 55051 | Depths:2 | Noticed a caustic shrike
 55062 | Depths:2 | Killed a caustic shrike
 55203 | Depths:2 | Found the +3 giant club "Skullcrusher" {speed, Str+7}
 55203 | Depths:2 | Noticed a golden dragon
 55216 | Depths:2 | Killed a golden dragon
 56394 | Depths:3 | Received a gift from Trog
 56422 | Depths:3 | Noticed a golden dragon
 56430 | Depths:3 | Killed a golden dragon
 56988 | Depths:3 | Found a one-way gateway to a ziggurat.
 57229 | Depths:3 | Found a broken altar of Ashenzari.
 57377 | Depths:3 | Found a one-way gate to the infinite horrors of the Abyss.
 57378 | Depths:3 | Received a gift from Trog
 57499 | Depths:3 | Found an iron altar of Okawaru.
 57661 | Depths:3 | You are sucked into a shaft and drop 1 floor!
 57661 | Depths:4 | Entered Level 4 of the Depths
 57799 | Depths:4 | Found Apualaov's Fire Supplies.
 58211 | Depths:4 | Found a gate to the Realm of Zot.
 58236 | Depths:4 | Reached XP level 22. HP: 220/220 MP: 9/18
 59475 | Vaults:5 | Entered Level 5 of the Vaults
 59492 | Vaults:5 | Noticed a dread lich
 59712 | Vaults:4 | Killed a dread lich
 60048 | Vaults:5 | Identified the +8 battleaxe of Rolett {flame, Drain rElec
                  | rPois rCorr} (Trog gifted it to you on level 5 of the
                  | Vaults)
 60048 | Vaults:5 | Received a gift from Trog
 60882 | Vaults:5 | Noticed a golden dragon
 60892 | Vaults:5 | Killed a golden dragon
 61248 | Vaults:5 | Noticed a dread lich
 61263 | Vaults:5 | Killed a dread lich
 61466 | Vaults:5 | Received a gift from Trog
 61585 | Vaults:5 | Identified the +4 scale mail of the Evening {rElec rN+}
 61603 | Vaults:5 | Noticed a golden dragon
 61609 | Vaults:5 | Killed a golden dragon
 61800 | Vaults:5 | Identified the ring of Zunyt {Fly rElec rF+ rC+ Will+}
 62266 | Vaults:5 | Got a silver rune of Zot
 62474 | Vaults:5 | Identified the +11 hand axe "Minotaur's Peril" {flame,
                  | rElec rPois Int-2 SInv}
 62625 | Vaults:5 | Identified the ring of Tisch {+Blink rCorr}
 62634 | Vaults:5 | Acquired 938 gold pieces
 62947 | Zot:1    | Entered Level 1 of the Realm of Zot
 63010 | Zot:1    | Reached XP level 23. HP: 192/232 MP: 10/19
 63114 | Zot:1    | Received a gift from Trog
 65239 | Zot:2    | Received a gift from Trog
 65562 | Zot:2    | You are sucked into a shaft and drop 2 floors!
 65615 | Zot:4    | Reached skill level 27 in Shields
 65617 | Zot:5    | Entered Level 5 of the Realm of Zot
 66345 | Zot:3    | Noticed a curse toe
 66364 | Zot:3    | Killed a curse toe
 69024 | Zot:3    | Noticed a curse toe
 69040 | Zot:3    | Killed a curse toe
 69041 | Zot:3    | Reached skill level 27 in Armour
 69319 | Zot:3    | Noticed a curse toe
 69325 | Zot:3    | Paralysed by you for 4 turns
 69400 | Zot:3    | Killed a curse toe
 69401 | Zot:3    | Reached XP level 24. HP: 84/247 MP: 10/19
 72009 | Zot:4    | Noticed a Killer Klown
 72107 | Zot:4    | Noticed a Killer Klown
 72508 | Zot:3    | Killed a Killer Klown
 72509 | Zot:3    | Reached skill level 27 in Fighting
 72879 | Zot:4    | Reached skill level 15 in Dodging
 73060 | Zot:4    | Noticed an orb of fire
 73077 | Zot:4    | Killed an orb of fire
 73594 | Zot:4    | Identified the +3 broad axe of War {flame, Str+5} (Trog
                  | gifted it to you on level 4 of the Realm of Zot)
 73594 | Zot:4    | Received a gift from Trog
 73759 | Zot:4    | Killed a Killer Klown
 74946 | Zot:5    | Noticed an orb of fire
 74968 | Zot:5    | Gained mutation: You sometimes lose the ability to read
                  | scrolls when taking damage. [an orb of fire]
 75280 | Zot:5    | Gained mutation: Your spells are a little easier to cast,
                  | but a little less powerful. [an orb of fire]
 75504 | Zot:4    | Killed an orb of fire
 76154 | Zot:5    | Noticed a dread lich
 76155 | Zot:5    | Noticed a dread lich
 76158 | Zot:5    | Noticed a Killer Klown
 76169 | Zot:5    | Killed a dread lich
 76173 | Zot:5    | Killed a dread lich
 76178 | Zot:5    | Noticed a dread lich
 76181 | Zot:5    | Killed a Killer Klown
 76182 | Zot:5    | Noticed an orb of fire
 76182 | Zot:5    | Noticed a Killer Klown
 76187 | Zot:5    | Noticed a Killer Klown
 76192 | Zot:5    | Gained mutation: Potions are less effective at restoring
                  | your health. [an orb of fire]
 76194 | Zot:5    | Gained mutation: You are weak. (Str -2) [an orb of fire]
 76195 | Zot:5    | Noticed an ancient lich
 76276 | Zot:4    | Gained mutation: You occasionally shout uncontrollably at
                  | your foes. [an orb of fire]
 76288 | Zot:4    | Killed an orb of fire
 76433 | Zot:5    | Noticed an orb of fire
 76438 | Zot:5    | Gained mutation: Your body sometimes deteriorates upon
                  | taking damage. [an orb of fire]
 76454 | Zot:4    | Killed a dread lich
 76456 | Zot:4    | Reached XP level 25. HP: 257/257 MP: 10/19
 76595 | Zot:5    | Noticed a Killer Klown
 76598 | Zot:5    | Noticed a dread lich
 76603 | Zot:5    | Killed an ancient lich
 77346 | Zot:5    | Gained mutation: You are very weak. (Str -4) [an orb of
                  | fire]
 77355 | Zot:4    | Gained mutation: Your magical capacity is very low. (-20%
                  | MP) [an orb of fire]
 77358 | Zot:4    | Killed a dread lich
 77365 | Zot:4    | Killed an orb of fire
 77558 | Zot:5    | Killed a Killer Klown
 77560 | Zot:5    | Killed a Killer Klown
 77571 | Zot:5    | a Killer Klown changed into an acid blob
 77666 | Zot:5    | Noticed a dread lich
 77683 | Zot:5    | Killed a dread lich
 77776 | Zot:5    | Received a gift from Trog
 77995 | Zot:5    | Noticed a dread lich
 77995 | Zot:5    | Noticed a dread lich
 78007 | Zot:5    | Killed a dread lich
 78007 | Zot:5    | HP: 12/385 [???[a dread lich] (10)]
 78011 | Zot:5    | Killed a dread lich
 78690 | Zot:5    | Got the Orb of Zot
 79066 | D:13     | Noticed Soucuach the pandemonium lord
 79083 | D:12     | Killed Soucuach the pandemonium lord
 79340 | D:$      | Escaped with the Orb!

Illustrated notes

Levels and vault maps discovered:
D:1:      wander_arrival_fairy_ring, layout_basic,
          chequers_ecumenical_altar_simple
D:2:      layout_rooms, serial_shops, nicolae_shop_stone, hangedman_decor_push,
          uniq_natasha
D:3:      layout_rooms, nemelex_altar_shiori, grunt_decor_mini_mirrors,
          glass_columns_c, uniq_jessica, uniq_ijyb
D:4:      layout_rooms
D:5:      layout_loops_corners, yredelemnul_altar_generic, kennysheep_mini,
          kennysheep_generic_room_12
D:6:      minmay_cornered_nines, layout_basic, serial_bayou,
          serial_bayou_lake_a, serial_bayou_pond_e, serial_bayou_shore_b,
          serial_bayou_crossing, minmay_misc_feat_five
D:7:      layout_loops_ring, nicolae_sif_muna_condensation,
          minmay_temple_entry_waves, biasface_ghost_orc_armoury
D:8:      layout_gridville, lemuel_crystal_altar,
          nicolae_shop_sticking_my_neck_out
D:9:      lemuel_ice_statue, layout_irregular_city,
          nicolae_uskayaw_murder_on_the_dancefloor, minmay_strange_pillars,
          uniq_maggie
D:10:     minmay_flawed_box, layout_basic, tgw_kikubaaqudgha,
          general_overflow_altar, due_lair_maze_entry_diamond, uniq_harold
D:11:     layout_roguey [special_room_bee], zombieorc2_lemuel, uniq_erica
D:12:     layout_basic, serial_shops, nicolae_shop_waterfront, uniq_nessos,
          uniq_rupert, uniq_jorgrun
D:13:     layout_irregular_city, erik_vaults_2, uniq_snorg
D:14:     layout_basic, solitary_fountain, serial_shops, shop_fountains,
          uniq_josephine
D:15:     hangedman_depths_entry_try_elsewhere_first, layout_cave_pools,
          nzn_wu_jian_council_hall, nicolae_trove_entry_columns, minivault_22,
          serial_nicolae_subway, nicolae_sub_station_crystal,
          nicolae_sub_station_stone, nicolae_sub_station_metal, uniq_kirke
Lair:1:   layout_cave_pods, nicolae_volcano_entry_two_sided
Lair:2:   layout_regular_city, dummy_snake_entry, gauntlet_entry_generic,
          serial_bayou_lagoon_a, lemuel_fruit_fields
Lair:3:   layout_regular_city
Lair:4:   layout_regular_city, minmay_swamp_entry_reptiles,
          grunt_forest_stairs_basic, lemuel_fruit_tree
Lair:5:   layout_loops_ring, dpeg_slime_entry_enclosed_altar, basic_altar,
          chequers_serial_rivers_large_a
Lair:6:   minmay_lair_end_enchanted_forest, layout_gridlike,
          chequers_serial_rivers_micro_a
Swamp:1:  layout_basic_swamp, gammafunk_ghost_cemetery,
          hangedman_swamp_ruin_hall
Swamp:2:  layout_falls_marsh, evilmike_swamp_ruin_house_5, swamp_pool1,
          nicolae_swamp_godswood
Swamp:3:  layout_basic_swamp, evilmike_swamp_ruin_rubble_2, uniq_mara
Swamp:4:  swamp_old_school, layout_basic_swamp
Snake:1:  layout_layer_cave, grunt_ministairs_11, nicolae_snake_linked_coils,
          nicolae_snake_snakes_in_the_grass, uniq_mlioglotl, uniq_azrael,
          uniq_aizul
Snake:2:  layout_grid_maze
Snake:3:  layout_misc_corridors, basic_altar, special_room
Snake:4:  grunt_snake_rune_spirals, layout_onion, basic_altar,
          nicolae_snake_serpentine_hallways
Orc:1:    layout_diamond_mine, portal_ice_cave_rime, uniq_urug
Orc:2:    grunt_orc_cross, layout_caves, hellmonk_ghost_happy_afterlife
Vaults:1: st_octagons_1, hangedman_vaults_maws, dpeg_vaults_monster_box,
          v_misc_28, hangedman_vaults_stretched_pinwheel,
          layout_vaults_quadrants, serial_shops,
          nicolae_shop_temple_entry_statues_fountains
Vaults:2: vaults_room_stairs_pillars, nicolae_vaults_hallways_thing,
          hangedman_vaults_impose, nicolae_vaults_little_ls, vaults_room_boxed,
          v_rooms_3, v_alt_pattern_3, vaults_room_grunt_arrival_ludios,
          v_rooms_1, nicolae_vaults_little_squares_2,
          hangedman_vaults_corner_blocks, vaults_dpeg_encased_lava,
          nicolae_vaults_little_squares_6, layout_vaults_omnicross,
          serial_shops, uniq_boris, uniq_mennas
Vaults:3: hangedman_vaults_impose, grunt_vaults_diagonal,
          nicolae_vaults_network_quincunx
          [nicolae_vaults_network_quincunx_subvault,
          nicolae_vaults_network_quincunx_subvault,
          nicolae_vaults_network_quincunx_subvault,
          nicolae_vaults_network_quincunx_subvault,
          nicolae_vaults_network_quincunx_subvault], ontoclasm_vaults_spin,
          blue_anna_dwarven_crypt, nicolae_vaults_little_squares_2,
          ontoclasm_vaults_eye, nicolae_vaults_three_branches,
          nicolae_vaults_meeting, ontoclasm_vaults_loading_screen,
          ontoclasm_vaults_decontamination, vaults_dpeg_ring,
          layout_vaults_chaotic_city, uniq_xtahua, uniq_donald
Vaults:4: v_rooms_5, vaults_dpeg_hooks, v_misc_14,
          nicolae_vaults_little_squares_4, nicolae_vaults_little_squares_2,
          ontoclasm_vaults_ring_small, ontoclasm_vaults_fault,
          nicolae_vaults_ring_of_whatevers, vaults_standard_mumra_lines,
          vaults_room_large_hall, vaults_room_semicircle, kb_rosetta,
          vaults_standard_mumra_enter_the_diamond, v_misc_2,
          ontoclasm_vaults_gateway, v_misc_29, layout_vaults_maze, serial_shops,
          bzr_in_the_mist
Vaults:5
Depths:1: layout_gridlike, hellmouth_1, nicolae_benzene_ring, serial_shops,
          nicolae_shop_temple_entry_statues_fountains, nicolae_shop_stone,
          nicolae_shop_bloodbath_and_beyond, nicolae_shop_stone, uniq_asterion
Depths:2: minmay_concentric_multi, layout_cave_pools, serial_shops,
          nicolae_shop_trees, pf_hell_entry_tar_river, serial_co_window_serial,
          co_window_paths_b, co_window_paths_a, co_window_paths_a,
          co_window_corner_a, co_window_corner_a, co_window_unsneaky_path_a,
          co_window_corner_b, co_window_unsneaky_path_c, glass_columns_c,
          glass_columns_c, grunt_pan_entry_spiral
Depths:3: minmay_the_grid_octo_tiled_squarecenter_mashed
          [minmay_the_grid_octo_vomiting_pacman, minmay_the_grid_octo_empty,
          minmay_the_grid_octo_clover_2, minmay_the_grid_octo_chip,
          minmay_the_grid_square_5x5_megaprize_hollow,
          minmay_the_grid_square_5x5_bite, minmay_the_grid_square_5x5_shuriken,
          minmay_the_grid_square_5x5_trominoes,
          minmay_the_grid_square_5x5_spiral], layout_twisted_cross,
          enter_ziggurat_c, minmay_room_of_horrors,
          minmay_misc_feat_four_crosses, hell_entry, patterned_corridor,
          infiniplex_staircase_pool_2
Depths:4: grunt_twist_and_shout, layout_basic, pf_coc_iceberg,
          nicolae_shop_fire_sale [nicolae_sub_dead_trees],
          nicolae_twisting_strands
Zot:1:    lemuel_draconian_sentries_small, layout_cathedral_of_symmetry
Zot:2:    layout_onion
Zot:3:    gammafunk_mikee_crab_dinner, layout_concentric_octagons
Zot:4:    hangedman_snap_crack_crunch, layout_onion_interference,
          lemuel_baited_zot_trap
Zot:5:    layout_basic

Skill      XL: |  1  2  3  4  5  6  7  8  9 10 11 12 13 14 15 16 17 18 19 20 21 22 23 24 25 |
---------------+----------------------------------------------------------------------------+-----
Axes           | 4 5 6 7 9 11 13 15 16 18 19 | 19.2
Fighting       | 4 5 6 7 8 9 11 12 13 15 16 17 18 20 21 22 23 24 26 27 | 27.0
Armour         | 3 4 5 6 8 9 10 12 13 15 17 18 19 21 22 23 24 25 27 | 27.0
Dodging        | 3 4 6 7 8 10 11 12 13 14 19 22 | 22.2
Shields        | 7 12 15 18 21 23 25 26 27 | 27.0

Action                   |  1- 3 |  4- 6 |  7- 9 | 10-12 | 13-15 | 16-18 | 19-21 | 22-24 | 25-27 || total
-------------------------+-------+-------+-------+-------+-------+-------+-------+-------+-------++-------
Melee: Hand axe          |    54 |    96 |    18 |       |       |       |       |       |       ||   168
       Headbutt          |    10 |    15 |    33 |   101 |   341 |   348 |   401 |   484 |    72 ||  1805
       Punch             |     1 |     1 |     3 |     6 |    13 |       |       |       |       ||    24
       War axe           |       |       |   143 |   434 |  1402 |   276 |   892 |  1383 |   200 ||  4730
       Broad axe         |       |       |       |       |       |  1049 |   323 |       |       ||  1372
Invok: Berserk           |       |       |     2 |     2 |     5 |     5 |     6 |    13 |     2 ||    35
       Brothers in Arms  |       |       |       |     6 |     6 |     5 |     6 |     1 |       ||    24
       Trog's Hand       |       |       |       |     1 |     7 |     3 |     3 |     1 |       ||    15
Evoke: Wand              |       |       |    12 |    16 |     6 |     5 |       |       |       ||    39
       Piece from Xom's  |       |       |       |       |     1 |       |       |       |       ||     1
  Use: Scroll            |     5 |     6 |     8 |     5 |     9 |    13 |     7 |    12 |     1 ||    66
       Potion            |       |       |       |     4 |     4 |     3 |     6 |     2 |       ||    19
 Stab: Distracted        |       |       |       |     1 |     1 |       |     3 |       |       ||     5
       Invisible         |       |       |       |       |       |       |     2 |       |       ||     2
       Paralysed         |       |       |       |       |       |       |       |     1 |       ||     1
Armor: Animal skin       |     8 |       |       |       |       |       |       |       |       ||     8
       Chain mail        |    16 |    20 |       |       |       |       |       |       |       ||    36
       Scale mail        |       |    28 |    77 |   295 |   534 |   431 |       |       |       ||  1365
       Plate armour      |       |       |       |       |       |     8 |   387 |   428 |    53 ||   876
       Skin              |       |       |       |       |       |       |       |     7 |       ||     7
Dodge: Dodged            |    41 |    45 |   111 |   320 |   686 |   530 |   269 |   384 |    52 ||  2438
Block: Other             |       |       |       |    40 |   173 |       |       |       |       ||   213
       Reflection        |       |       |       |       |     8 |   119 |    27 |    39 |     4 ||   197
       Kite shield       |       |       |       |       |   154 |  1151 |   994 |  1329 |   162 ||  3790
